 Dungeon Crawl Stone Soup version 0.30-a0-269-gf0224bf7b6 (webtiles) character file.

Game seed: 2777895473559570509

21 NinjaNoafa the Trooper (level 2, 0/46 HPs)
             Began as a Minotaur Wanderer on Oct 14, 2022.
             Slain by Jessica
             ... wielding a +0 dagger
              (1 damage)
             ... on level 2 of the Dungeon.
             The game lasted 00:01:42 (659 turns).

NinjaNoafa the Trooper (Minotaur Wanderer)           Turns: 659, Time: 00:01:42

Health: 0/46       AC: 21    Str: 14    XL:     2   Next: 62%
Magic:  1/1        EV:  2    Int:  6    God:
Gold:   55         SH:  7    Dex: 14    Spells: 1/1 levels left

rFire   . . .      SeeInvis .    k - +0 whip
rCold   . . .      Faith    .    e - +2 buckler
rNeg    . . .      Spirit   .    (body armour currently unavailable)
rPois   +          Reflect  .    (helmet currently unavailable)
rElec   .          Harm     .    (cloak currently unavailable)
rCorr   .          Rampage  .    (gloves currently unavailable)
Will    .....      NoTele   +    (boots currently unavailable)
Stlth   ++........               (no amulet)
HPRegen 0.27/turn                (no ring)
MPRegen 0.07/turn                (no ring)

@: tree-form
A: stationary, stasis, torment immunity, boosted hp, (horns 2), (retaliatory
headbutt)
a: no special abilities


You were on level 2 of the Dungeon.
You were a tree.
You visited 1 branch of the dungeon, and saw 2 of its levels.

You collected 55 gold pieces.

Inventory:

Hand Weapons
 k - a +0 whip (weapon)
Missiles
 f - 7 stones (quivered)
 j - 6 poisoned darts
Armour
 c - a +0 ring mail (melded)
 e - a +2 buckler (worn)
 h - a +0 pair of gloves (melded)
Scrolls
 a - 2 scrolls of noise {unknown}
 b - a scroll of butterflies
 d - a scroll of silence
 g - a scroll of poison {unknown}
 i - a scroll of enchant armour {unknown}
Potions
 m - a potion of lignification


   Skills:
 + Level 6.3 Fighting
 - Level 3.0 Armour
 - Level 1.0 Stealth
 - Level 3.0 Shields


You had one spell level left.
You didn't know any spells.
Your spell library was empty.

Dungeon Overview and Level Annotations

Branches:
Dungeon (2/15)

Altars:

Annotations:
D:2 Jessica


Innate Abilities, Weirdness & Mutations

You are a tree.
Your roots penetrate the ground, keeping you stationary.
You cannot be teleported.
You are immune to unholy pain and torment.
Your maximum health is greatly increased.
Your equipment is partially melded.
((You have a pair of horns on your head.))
((You reflexively headbutt those who attack you in melee.))


Message History

You hit Jessica.
Jessica is moderately wounded.
Jessica mumbles some strange words.
Jessica blinks!
Jessica hits you with a +0 dagger.
You completely miss Jessica. You headbutt Jessica, but do no damage.
Jessica is moderately wounded.
Jessica hits you with a +0 dagger.
Jessica points at you and mumbles some strange words.
Pain shoots through your body!
* * * LOW HITPOINT WARNING * * *
You hit Jessica. Your headbutt misses Jessica.
Jessica is moderately wounded.
Jessica hits you but does no damage.
Jessica looks very angry.
Jessica barely misses you.
It was a potion of flight.
You feel very buoyant.
You fly up into the air.
You block Jessica's attack.
It was a potion of lignification.
You turn into a tree.
Your +0 pair of gloves melds into your body.
Your +0 ring mail melds into your body.
Your roots penetrate the ground.
You block Jessica's attack. Jessica hits you but does no damage.
You hit Jessica but do no damage.
Jessica is moderately wounded.
Jessica hits you but does no damage.
You barely miss Jessica.
Jessica is moderately wounded.
Jessica casts a spell.
Jessica blinks!
Jessica mumbles some strange words.
Jessica blinks!
Jessica is nearby!
Jessica casts a spell.
Jessica blinks!
Jessica hits you with a +0 dagger.
* * * LOW HITPOINT WARNING * * *
You hit Jessica.
Jessica is severely wounded.
Jessica hits you with a +0 dagger.
You die...

# #......#
....###.###
###. #.# #####
#.# #.# ...#
#..##.# #.##
#....# #.†##
###..# ##..##
#..# ##.♣####
##†###
##@...####....#
####§##......#
###....#....#
#....###....#
#.##.......)#
... #####....#
#.. #....# ##.
#....#


You could see Jessica (fast).

Vanquished Creatures
  A worm (D:2)
  2 endoplasms (D:1)
  A giant cockroach (D:1)
  2 hobgoblins
  A quokka (D:1)
  2 ball pythons
  3 bats (D:1)
  A goblin (D:1)
  3 kobolds (D:1)
  3 rats
19 creatures vanquished.

Notes
Turn   | Place    | Note
-------+----------+-------------------------------------------
     0 | D:1      | NinjaNoafa the Minotaur Wanderer began the quest for the
                  | Orb.
     0 | D:1      | NinjaNoafa set off with the following items: a +0 club, a
                  | scroll of butterflies, a +0 ring mail, a scroll of silence,
                  | a +2 buckler.
     0 | D:1      | Reached XP level 1. HP: 24/24 MP: 0/0
     3 | D:1      | Noticed an electric eel
     4 | D:1      | Noticed an electric eel
   162 | D:1      | Reached XP level 2. HP: 30/30 MP: 1/1
   630 | D:2      | Noticed Jessica
   650 | D:2      | HP: 1/31 [Jessica/nerve-wracking pain (14)]
   658 | D:2      | HP: 1/46 [Jessica/+0 dagger (3)]
   659 | D:2      | Slain by Jessica

Illustrated notes

Levels and vault maps discovered:
D:1:      arrival_aquarium_b, layout_basic
D:2:      layout_rooms, serial_shops, nicolae_shop_stone, uniq_jessica,
          uniq_sigmund

Skill      XL: |  1  2 |
---------------+-------+-----
Armour         | 3 |  3.0
Shields        | 3 |  3.0
Fighting       | |  6.3
Stealth        | |  1.0

Action                   || total
-------------------------++-------
Melee: Club              ||    25
       Headbutt          ||    12
       Whip              ||    40
  Use: Potion            ||     2
 Stab: Sleeping          ||     1
Armor: Ring mail         ||    26
       Skin              ||     2
Dodge: Dodged            ||    35
Block: Buckler           ||    28

Table legend: (Time is in decaauts)
 A = Elapsed time spent in this place.
 B = Non-inter-level travel time spent in this place.
 C = Inter-level travel time spent in this place.
 D = Time resting spent in this place.
 E = Time spent auto-exploring this place.
 F = Levels seen in this place.
 G = Mean time per level.
                   A        B        C        D        E       F      G
               +--------+--------+--------+--------+--------+-----+--------+
         Total |    672 |    636 |     36 |      0 |    430 |   2 |  336.0 |
       Dungeon |    672 |    636 |     36 |      0 |    430 |   2 |  336.0 |
               +--------+--------+--------+--------+--------+-----+--------+

Top non-repeatable levels by time:
     D:1: 576 daAuts
     D:2: 96 daAuts
